Unix NetHack Version 3.7.0-88 Work-in-progress - last build Aug 21 2023 04:08:40 (b68ccb3e4f8f5dcb83e1e40b1ff56e7dffd4cd28,branch:master). Game began 2023-08-20 14:41:37, ended 2023-08-21 15:50:21. MargeBouvier, chaotic female elven Wizard -------- ---- |.....)..*..... ---...----| --.. |....-- . .. -------...- .. .. .... --------------- |....)....| .. ...... |.............| |%$.------- .. --... 3 5 3 |..---------..-- ----|--- ... --| 1 ---------5 |..|.......|...-- --..%%... -----|----- % 5|...a...| |..|.......|.%..---........ ---.......%.--- . ..---5 .1|..%@@..| |..|..._.%.%%.))[)%%...... |........%%.=.| Y ..V. D@$gxz-%@%@...|3 |..|.......|..)%---...... |..----.----..| ...---44..|.D.z...| |..|.......|%.%-- --.... |..| ..... |..| ..- --.3 |Aa@...A| |..---------..-- ---- |.%|.......|..| --- -- ---------5 |........%?...| |..|..._...|..| ---- ----- |..|.......|..| |..|.......|./| |.)---------..| |./%%)...%....| --------------- MargeBouvier the Wizard St:18 Dx:21 Co:16 In:20 Wi:19 Ch:10 Chaotic Astral Plane $:0 HP:159(178) Pw:264(470) AC:-39 Exp:29 T:66240 Burdened Latest messages: "Look! Thy bootlace is undone!" The Angel of Ptah points at you, then curses. The priestess of Thoth turns to flee. Pestilence moves Dean the Curate out of the way! Famine moves the high priestess out of the way! The Angel of Thoth points at you, then curses. The Angel of Thoth puts on an elven leather helm. The Angel of Ptah points at you, then curses. The Angel of Moloch points at you, then curses. Pick an object. Pestilence moves the giant ant out of the way! The Angel of Thoth points at you, then curses. "Go ahead, fetch thy mama! I shall wait." The Angel of Thoth picks up a runed dagger. The Angel of Ptah points at you, then curses. You hear a mumbled curse. You hear a chugging sound. What do you want to zap? [fgirtzADELNTW-Y or ?*] In what direction? You kill Famine! You kill the giant ant! You kill Pestilence! The high priestess casts a spell! The high priestess looks better. The giant ant turns to flee. The Angel of Thoth points at you, then curses. The Angel of Ptah points at you, then curses. "Thy reckoning is at hand, MargeBouvier." The invisible priestess of Ptah picks up a runed broadsword. The red dragon turns to flee. The zruty turns to flee. The Angel of Thoth points at you, then curses. The Angel of Ptah points at you, then curses. You feel the amulet draining your energy away. You have already identified all of your possessions. The Angel of Thoth points at you, then curses. The Angel of Ptah points at you, then curses. # What do you want to sacrifice? [o or ?*] You offer the Amulet of Yendor to Anhur... An invisible choir sings, and you are bathed in radiance... The voice of Anhur booms: "Mortal, thou hast done well!" "In return for thy service, I grant thee the gift of Immortality!" You ascend to the status of Demigoddess... Do you want your possessions identified? [ynq] (y) Do you want to see your attributes? [ynq] (y) Do you want an account of creatures vanquished? [ynaq] (y) Do you want a list of species genocided and extinct? [ynaq] (y) Do you want to see your conduct and achievements? [ynq] (y) Do you want to see the dungeon overview? [ynq] (y) Inventory: Amulets K - a blessed amulet of life saving (being worn) e - the blessed Eye of the Aethiopica Weapons a - the rustproof +6 Magicbane (weapon in hand) Armor P - a blessed thoroughly burnt +6 elven leather helm (being worn) v - an uncursed fireproof +5 pair of gauntlets of dexterity (being worn) U - a blessed fireproof +4 pair of speed boots (being worn) b - a blessed thoroughly burnt +5 cloak of magic resistance (being worn) M - a blessed +4 Hawaiian shirt with a hibiscus flower motif (being worn) j - a blessed +5 silver dragon scale mail (being worn) Comestibles F - 4 uncursed lumps of royal jelly Spellbooks R - the uncursed Book of the Dead Potions J - an uncursed potion of full healing Rings m - an uncursed ring of conflict d - an uncursed ring of free action (on right hand) q - an uncursed ring of levitation O - an uncursed ring of protection from shape changers k - an uncursed ring of searching Q - an uncursed ring of slow digestion Wands X - a wand of cold (0:6) L - a wand of cold (0:5) D - a wand of cold (0:3) E - a wand of create monster (0:12) T - a wand of death (0:2) i - a wand of fire (0:6) W - a wand of fire (0:6) Y - a wand of fire (0:3) f - a blessed wand of magic missile (0:5) g - a wand of magic missile (0:8) r - a wand of magic missile (0:7) N - a wand of magic missile (0:6) z - a wand of sleep (0:7) A - a wand of slow monster (0:4) t - a wand of speed monster (0:5) Tools p - a blessed greased bag of holding containing 112 items c - the Bell of Opening (0:2) n - an uncursed blindfold h - the uncursed Candelabrum of Invocation (0 of 7 candles attached) l - a blessed magic lamp w - an uncursed magic whistle x - an uncursed skeleton key s - an uncursed stethoscope u - a blessed +0 unicorn horn Gems/Stones B - an uncursed jet stone C - an uncursed worthless piece of orange glass Z - a blessed luckstone Contents of the bag of holding: 3344 gold pieces an uncursed amulet of unchanging a +0 silver saber an uncursed fireproof +1 pair of leather gloves a blessed +0 pair of water walking boots a blessed +0 mummy wrapping an uncursed +0 robe 2 uncursed slime molds 4 uncursed food rations 2 uncursed fortune cookies 12 uncursed lumps of royal jelly 2 uncursed sprigs of wolfsbane 5 blessed homemade tins of nurse meat 4 uncursed lizard corpses 6 uncursed lizard corpses an uncursed scroll of amnesia 3 blessed scrolls of blank paper 16 uncursed scrolls of blank paper 4 cursed scrolls of blank paper a blessed scroll of charging 4 uncursed scrolls of confuse monster a cursed scroll of confuse monster a blessed scroll of create monster 3 uncursed scrolls of create monster 2 uncursed scrolls of earth an uncursed scroll of enchant weapon a cursed scroll of enchant weapon an uncursed scroll of food detection a blessed scroll of genocide 3 blessed scrolls of gold detection a blessed scroll of identify 2 uncursed scrolls of identify a blessed scroll of light 2 uncursed scrolls of light an uncursed scroll of magic mapping 2 blessed scrolls of remove curse 2 uncursed scrolls of remove curse 3 blessed scrolls of teleportation 7 uncursed scrolls of teleportation a cursed scroll of teleportation an uncursed spellbook of cure sickness a blessed spellbook of finger of death 2 uncursed potions of extra healing 3 uncursed potions of fruit juice 5 blessed potions of full healing a blessed potion of gain ability 2 blessed potions of gain energy 5 uncursed potions of gain energy an uncursed potion of invisibility an uncursed potion of levitation 3 blessed potions of restore ability a blessed potion of sickness 14 potions of holy water 6 uncursed potions of water an uncursed ring of free action an uncursed ring of levitation an uncursed ring of protection from shape changers an uncursed ring of slow digestion a wand of create monster (0:12) a wand of digging (0:8) a wand of digging (0:7) a wand of digging (0:7) a wand of digging (0:7) a wand of digging (0:2) a blessed wand of fire (0:6) a wand of light (0:15) a wand of light (0:15) a wand of light (0:15) a wand of magic missile (0:0) a wand of magic missile (0:0) a wand of magic missile (0:0) a wand of magic missile (0:0) a wand of magic missile (0:0) a wand of opening (0:8) a blessed wand of probing (1:7) a wand of sleep (0:6) a wand of sleep (0:4) a wand of slow monster (0:7) a wand of slow monster (0:7) a blessed wand of speed monster (0:5) a wand of speed monster (0:6) a wand of speed monster (0:6) a wand of striking (0:7) a wand of striking (0:6) a wand of wishing (1:1) a frost horn (0:4) a can of grease (0:19) a magic marker (0:9) a magic marker (1:0) a blessed +0 pick-axe 4 uncursed tallow candles a blessed tinning kit (0:61) a +0 unicorn horn 16 uncursed wax candles 3 uncursed amethyst stones an uncursed black opal 2 uncursed chrysoberyl stones 2 uncursed diamonds 2 uncursed dilithium crystals 4 uncursed emeralds 2 uncursed fluorite stones an uncursed garnet stone an uncursed jacinth stone an uncursed jade stone an uncursed jasper stone 3 uncursed jet stones 6 uncursed obsidian stones 3 uncursed opals 11 uncursed rubies 2 uncursed sapphires an uncursed topaz stone an uncursed luckstone MargeBouvier the Wizard's attributes: Background: You were a Wizard, level 29 female elf. You were chaotic, on a mission for Anhur who was opposed by Ptah (lawful) and Thoth (neutral). You were in the endgame, on the Astral Plane. You entered the dungeon 66240 turns ago. You had 90033851 experience points, 9966149 more were needed for level 30. Basics: You had 159 out of 178 hit points. You had 264 out of 470 energy points (spell power). Your armor class was -39. Your wallet was empty, but you had 3344 zorkmids stashed away in your pack. Autopickup was off. Final Characteristics: Your strength was 18 (limit:18). Your dexterity was 21 (base:16, peak:18, innate limit:18). Your constitution was 16 (limit:16). Your intelligence was 20 (limit:20). Your wisdom was 19 (limit:20). Your charisma was 10 (limit:18). Final Status: You were not hungry. You were burdened; movement was slightly slowed. You were wielding a dagger. You had expert skill with dagger. Final Attributes: You were the Glory of Arioch. You were piously aligned. You were magic-protected. You were fire resistant. You were cold resistant. You were sleep resistant. You were disintegration resistant. You were shock resistant. You were poison resistant. You saw invisible. You were telepathic. You were warned. You had infravision. You were invisible to others. You aggravated monsters. You could teleport. You had teleport control. You had a moderate defense bonus (+9). You were warded. You took half spell damage. You were very fast. You had reflection. You had free action. Your life would have been saved. You were lucky. You had extra luck. Good luck did not time out for you. You survived. Miscellaneous: You never encountered a bones level. Total elapsed playing time was 11 hours, 23 minutes and 15 seconds. Major events: Turn 1: MargeBouvier the chaotic female elven Wizard entered the dungeon 822: attained the rank of Conjurer (level 3) 6498: attained the rank of Thaumaturge (level 6) 8236: entered the Gnomish Mines 9127: reached Mine Town 19354: attained the rank of Magician (level 10) 21671: acquired the Mines' End luckstone 26896: entered Sokoban 27468: completed 1st Sokoban level 28564: completed 2nd Sokoban level 29339: completed 3rd Sokoban level 31584: completed 4th Sokoban level 32122: acquired the Sokoban bag of holding 38828: the Oracle has been killed 39282: was bestowed with Magicbane by Anhur 45253: attained the rank of Enchantress (level 14) 47891: killed the Dark One 47894: acquired the Bell of Opening 47895: found the Eye of the Aethiopica on the floor 47997: was chosen to take lives for the Glory of Anhur 47997: was bestowed with spellbook of finger of death 48538: made her first wish - "uncursed magic marker", got "a magic marker" 51743: killed Croesus 54847: killed Medusa 55564: performed her first genocide (master mind flayers) 56284: wished for "blessed fixed +3 speed boots", got "a pair of buckled boots" 56297: wished for "uncursed magic marker", got "a magic marker" 56414: entered Gehennom 56796: attained the rank of Sorceress (level 18) 57611: attained the rank of Necromancer (level 22) 58300: attained the rank of Wizard (level 26) 58334: attained the rank of Mage (level 30) 58576: bribed Asmodeus with 116 zorkmids for safe passage 58739: killed Juiblex 59015: bribed Baalzebub with 410 zorkmids for safe passage 59537: wished for "uncursed magic marker", got "a magic marker" 59542: wished for "uncursed magic marker", got "a magic marker" 60841: killed Yeenoghu 61189: destroyed Vlad the Impaler 61191: acquired the Candelabrum of Invocation 61769: killed Orcus 62891: killed the Wizard of Yendor 62914: acquired the Book of the Dead 63107: performed the invocation 63340: killed the Wizard of Yendor (2nd time) 63483: killed the high priest of Moloch 63484: acquired The Amulet of Yendor 64510: killed the Wizard of Yendor (3rd time) 64561: entered the Elemental Planes 64561: entered Plane of Earth 64813: genocided class L 65021: killed the Wizard of Yendor (5th time) 65071: entered Plane of Air 65126: entered Plane of Fire 65178: entered Plane of Water 65571: entered the Astral Plane 65594: killed Death 65602: killed Death (2nd time) 65624: killed Death (3rd time) 65647: Death has been killed (5th time) 65752: killed Pestilence 65831: killed Pestilence (2nd time) 65988: killed Pestilence (3rd time) 66156: killed Pestilence (5th time) 66195: killed Famine 66236: killed Famine (2nd time) 66240: ascended Vanquished creatures: Orcus Yeenoghu Juiblex the Wizard of Yendor (6 times) Death (5 times) Pestilence (7 times) Famine (twice) Vlad the Impaler an arch-lich a high cleric 2 mastodons Medusa Croesus 13 krakens 9 iron golems 6 master liches 3 storm giants 2 titans 2 glass golems 3 balrogs 17 purple worms 3 gray dragons 3 gold dragons 9 silver dragons 8 red dragons 2 white dragons 4 orange dragons 7 black dragons 5 blue dragons 3 green dragons 9 yellow dragons 5 minotaurs 12 jabberwocks the Dark One 3 baluchitheria 15 Angels 6 demiliches 2 stone golems 3 master mind flayers 9 Olog-hai 2 Nazgul 4 pit fiends 3 sandestins a hell hound 7 displacer beasts 6 titanotheres 4 trappers 2 baby yellow dragons 7 guardian nagas 5 genetic engineers 9 disenchanters 34 vampire leaders 4 skeletons the Oracle 24 aligned clerics 8 captains 4 shades 9 liches 2 clay golems 13 nurses an ice devil 9 nalfeshnees 2 lurkers above 2 Aleaxes 5 frost giants 13 ettins 3 golden nagas 3 black puddings 23 vampires 13 lieutenants 2 watch captains 26 ghosts a valkyrie 10 queen bees 9 winged gargoyles 11 mind flayers 8 giant mimics 7 long worms 8 zruties 6 fire giants 6 ogre tyrants 6 ice trolls 18 rock trolls 19 umber hulks 2 flesh golems 7 elven monarchs 3 doppelgangers 3 hezrous 10 bone devils 7 large mimics 4 wumpuses a fire vortex 14 couatls 16 stalkers 8 air elementals 13 fire elementals 12 earth elementals 16 water elementals a hill giant a giant mummy a black naga 16 xorns 19 giant zombies 15 elf-nobles 12 sergeants 2 water demons 13 barbed devils 6 vrocks 3 salamanders 7 wargs 2 winter wolves 2 hell hound pups 16 small mimics 2 glass piercers 7 warhorses 5 steam vortices 11 xans 6 ettin mummies 5 ogre leaders 5 quantum mechanics 31 trolls 4 sasquatches a wood golem 3 erinyes 7 mariliths a djinni 5 sharks 5 electric eels 8 gelatinous cubes 3 pyrolisks 9 large dogs 3 freezing spheres 4 flaming spheres 8 shocking spheres a large cat 9 tigers 5 gargoyles a dwarf ruler 18 tengu 7 ochre jellies 12 leocrottas 7 energy vortices 3 mountain centaurs 4 stone giants 5 elf mummies 5 human mummies 2 red nagas 4 green slimes 2 pythons 6 pit vipers 5 cobras 46 wraiths 13 carnivorous apes 18 ettin zombies 5 leather golems 4 Grey-elves 110 soldiers 3 watchmen 7 amorous demons 9 horned devils 6 chameleons 7 crocodiles 33 giant beetles 6 quivering blobs 17 cockatrices 6 wolves 9 winter wolf cubs 2 lynxes 5 panthers 8 gremlins 2 spotted jellies 11 leprechauns 9 orc-captains 6 iron piercers 6 mumakil 6 giant spiders 8 scorpions 6 horses 5 ice vortices 8 black lights 50 vampire bats 3 forest centaurs 5 gnome rulers 4 orc mummies 2 dwarf mummies 5 ogres 4 brown puddings 7 rust monsters 15 owlbears 8 yetis 3 gold golems 5 werewolves 5 Green-elves 4 piranha 20 giant eels 21 lizards 6 chickatrices 3 dingoes 6 dogs 9 housecats 6 jaguars 6 dwarf leaders 4 blue jellies 6 white unicorns 2 gray unicorns a black unicorn 12 dust vortices 14 ravens 9 plains centaurs 8 gnome mummies 12 snakes 8 apes 22 human zombies 11 rope golems 3 Woodland-elves 37 soldier ants 29 fire ants 13 bugbears 3 imps 6 quasits 4 wood nymphs 4 water nymphs 9 mountain nymphs 7 Mordor orcs 25 Uruk-hai 9 orc shamans 10 rock piercers 10 rock moles 3 ponies 10 fog clouds 13 yellow lights 3 shriekers 8 violet fungi 20 gnome leaders 7 gnomish wizards 4 kobold mummies 2 black naga hatchlings a golden naga hatchling 12 gray oozes 5 barrow wights 27 elf zombies 17 ghouls 6 straw golems a paper golem 6 jellyfish a baby crocodile 55 giant ants 4 little dogs 25 floating eyes 5 kittens 21 dwarves 7 homunculi 5 kobold leaders 5 kobold shamans 25 hill orcs 26 rothes a rabid rat 3 centipedes 26 giant bats 10 monkeys 41 orc zombies 27 dwarf zombies 8 wererats 2 werejackals 24 iguanas 98 killer bees 25 acid blobs 19 coyotes 4 gas spores 10 hobbits 12 manes 5 large kobolds 19 hobgoblins 14 giant rats 16 cave spiders 4 brown molds 8 yellow molds 5 green molds 6 red molds 59 gnomes 39 garter snakes 14 gnome zombies 15 geckos 21 jackals 2 foxes 6 kobolds 12 goblins 3 sewer rats 30 grid bugs 13 bats 17 lichens 16 kobold zombies 12 newts 2841 creatures vanquished. Genocided or extinct species: arch-liches master liches demiliches master mind flayers liches erinyes (extinct) soldiers (extinct) killer bees (extinct) 5 species genocided. 3 species extinct. Voluntary challenges: You read items or engraved 243 times. You engraved Elbereth 76 times. You genocided 5 types of monsters. You used 5 wishes. You did not wish for any artifacts. You did not violate any of the special Sokoban rules. Achievements: You attained the rank of Conjurer. You entered a shop. You attained the rank of Thaumaturge. You entered the Gnomish Mines. You entered Minetown. You entered a temple. You attained the rank of Magician. You completed the Gnomish Mines. You entered Sokoban. You completed Sokoban. You attained the rank of Enchantress. You had the Bell of Opening. You defeated Medusa. You entered Gehennom. You attained the rank of Sorceress. You attained the rank of Necromancer. You attained the rank of Wizard. You attained the rank of Mage. You had the Candelabrum of Invocation. You had the Book of the Dead. You gained access to Moloch's Sanctum. You reached the Elemental Planes. You reached the Astral Plane. You delivered the Amulet of Yendor. You ascended! The Elemental Planes: Astral Plane: <- You are here. Many temples. Plane of Water: Plane of Fire: Plane of Air: Plane of Earth: The Dungeons of Doom: levels 1 to 29 Level 1: Level 2: A general store, a grave. Level 3: A general store, a sink. Stairs down to The Gnomish Mines. Level 4: Level 5: Level 6: An altar to Anhur. Level 7: Level 8: Oracle of Delphi. Level 9: Stairs up to Sokoban, level 8. Level 10: A temple to Anhur. Level 11: Level 12: A general store. Level 13: Level 14: A fountain. Summoned by Neferet the Green. Portal to The Quest. Level 15: An altar. Level 16: A grave. Level 17: Some fountains. Level 18: A primitive area. Level 19: A grave. Level 20: A sink. Level 21: A fountain. Portal to Fort Ludios. Level 22: Some fountains. Level 23: Level 24: Level 25: Level 26: Level 27: Level 28: Some fountains, many trees. Level 29: A fountain. The castle. Connection to Gehennom. Gehennom: levels 30 to 53 Level 30: A temple, many graves. Valley of the Dead. Level 31: Level 32: Level 33: A fountain. Level 34: Level 35: Level 36: Level 37: Level 38: Level 39: Level 40: Stairs up to Vlad's Tower, level 39. Level 41: Level 42: Level 43: Some shops, an altar. Level 44: Level 45: Level 46: Level 47: Level 48: Level 49: Level 50: Level 51: Level 52: Level 53: A temple, many graves. Moloch's Sanctum. The Gnomish Mines: levels 4 to 11 Level 4: Level 5: Level 6: Many shops, a temple to Anhur, some trees. Level 7: Level 8: Level 9: Level 10: Level 11: A fountain. The Quest: levels 1 to 5 Level 1: Given quest by Neferet the Green. Level 2: Level 3: Level 4: Level 5: A temple to Anhur. Sokoban: levels 8 up to 5 Level 5: Solved. Level 6: Solved. Level 7: Solved. Level 8: Solved. Fort Ludios: Level 1: Fort Ludios. Vlad's Tower: levels 39 up to 37 Level 37: Level 38: Level 39: Goodbye MargeBouvier the Demigoddess... You went to your reward with 3660860 points, Magicbane (worth 3500 zorkmids and 8750 points) The Bell of Opening (worth 5000 zorkmids and 12500 points) The Eye of the Aethiopica (worth 4000 zorkmids and 10000 points) The Candelabrum of Invocation (worth 5000 zorkmids and 12500 points) The Book of the Dead (worth 10000 zorkmids and 25000 points) 11 rubies (worth 38500 zorkmids), 6 obsidian stones (worth 1200 zorkmids), 4 emeralds (worth 10000 zorkmids), 4 jet stones (worth 3400 zorkmids), 3 opals (worth 2400 zorkmids), 3 amethyst stones (worth 1800 zorkmids), 2 dilithium crystals (worth 9000 zorkmids), 2 diamonds (worth 8000 zorkmids), 2 sapphires (worth 6000 zorkmids), 2 chrysoberyl stones (worth 1400 zorkmids), 2 fluorite stones (worth 800 zorkmids), 1 jacinth stone (worth 3250 zorkmids), 1 black opal (worth 2500 zorkmids), 1 topaz stone (worth 900 zorkmids), 1 garnet stone (worth 700 zorkmids), 1 jasper stone (worth 500 zorkmids), 1 jade stone (worth 300 zorkmids), 1 worthless piece of colored glass, 1 amulet of life saving (worth 150 zorkmids), 1 amulet of unchanging (worth 150 zorkmids), and 3344 pieces of gold, after 66240 moves. You were level 29 with a maximum of 178 hit points when you ascended.